 Dungeon Crawl Stone Soup version 0.29-a0-234-g0dae59b3db (webtiles) character file.

Game seed: 10165868289372738665

40 spaghetti the Shooter (level 3, -1/27 HPs)
             Began as a Demonspawn Hunter on Mar 2, 2022.
             Slain by an adder (3 damage)
             ... on level 2 of the Dungeon.
             The game lasted 00:01:41 (1007 turns).

spaghetti the Shooter (Demonspawn Hunter)           Turns: 1007, Time: 00:01:42

Health: -1/27      AC:  3    Str: 10 (12) XL:     3   Next: 30%
Magic:  3/3        EV: 11    Int: 11 (14) God:
Gold:   52         SH:  0    Dex: 10 (13) Spells: 2/2 levels left

rFire   . . .      SeeInvis .   b - +0 whip (elec) {mace}
rCold   . . .      Faith    .   (no shield)
rNeg    . . .      Spirit   .   k - +0 leather armour
rPois   .          Reflect  .   (no helmet)
rElec   .          Harm     .   (no cloak)
rCorr   .          Rampage  .   (no gloves)
Will    .....                   (no boots)
Stlth   +.........              (no amulet)
HPRegen 0.09/turn               (no ring)
MPRegen 0.16/turn               (no ring)

@: mighty, lethally poisoned (-1 -> -7)
A: ignite blood 1, magic regeneration
a: no special abilities


You were on level 2 of the Dungeon.
You visited 1 branch of the dungeon, and saw 2 of its levels.

You collected 52 gold pieces.


Innate Abilities, Weirdness & Mutations

Your demonic aura sometimes causes spilled blood to erupt in flames.
You regenerate magic rapidly.


   Skills:
 - Level 2.0 Fighting
 + Level 4.7 Bows
 - Level 1.7 Dodging
 - Level 0.8 Stealth


You had 2 spell levels left.
You didn't know any spells.
Your spell library contained the following spells:

 Spells                   Type           Power      Damage    Failure   Level
 Corpse Rot               Necr/Air       0%         N/A       58%         2
 Poisonous Vapours        Pois/Air       0%         N/A       58%         2

Inventory:

Hand Weapons
 a - a +1 shortbow {bow}
 b - a +0 whip of electrocution (weapon) {mace}
   (You took it off a kobold on level 2 of the Dungeon)
Missiles
 e - 2 throwing nets {=f!fthrowing}
 l - 5 stones {throwing}
Armour
 k - a +0 leather armour (worn)
Jewellery
 g - a ring of poison resistance
   (You found it on level 2 of the Dungeon)
 j - an amulet of regeneration {@e2}
   (You found it on level 2 of the Dungeon)
Scrolls
 c - a scroll of enchant weapon {unknown}
 f - a scroll of torment {!r}
 i - a scroll of identify {unknown}

Dungeon Overview and Level Annotations

Branches:
Dungeon (2/15)

Altars:

..........########
.#...g...g.g.S...#
......###.######.#
.#....# #.### #.#
###†#.# #...# #.#
##.#.# ###.# #g#
#..#.# #.# #S#
#.##.# #.# #S#
#.##.#####.####@#
#.##............#
#....#####.######
#.#### #.# #.# #.#
#.# #.# #.# #.#
#.# #.# #.# #.#


You could see a gnoll and 2 adders.


Message History

Shoot: a) +1 shortbow {bow}
Press: ? - help, Q - select action, (/) - cycle Shift-Dir - straight line, f/p - kobold
Aim: a kobold, wielding a +0 whip of electrocution and quivering stones (55% to hit)
You shoot an arrow. The arrow hits the kobold!
You kill the kobold!
Shoot: a) +1 shortbow {bow}
Press: ? - help, Q - select action, (/) - cycle Shift-Dir - straight line, f - you That would be overly suicidal.
Okay, then.
Found a stone staircase leading down.
k - a +0 whip of electrocution {mace};
l - 5 stones {throwing} You see here a kobold corpse.
Adjust to which letter? (? for menu, Esc to quit)
b - a +0 whip of electrocution {mace};
k - a +0 leather armour (worn)
Key pressed, stopping explore.
A gnoll comes into view. It is wielding a +0 halberd.
The gnoll shouts!
A gnoll comes into view. It is wielding a +0 whip. x2
There are monsters nearby!
You shoot an arrow. The gnoll shouts! x2
The arrow hits the gnoll but does no damage.
You hear a shout!
You hear an angry hiss.
An adder comes into view.
You shoot an arrow. The arrow closely misses the adder.
You shoot an arrow. The arrow hits the adder.
An adder comes into view.
The adder bites you. 😕 HP[-2]
You take 2 damage, and now have 25/27 hp.
The adder bites you but does no damage.
The adder completely misses you. 😕 HP[+1]
You shoot an arrow. The arrow barely misses the adder.
The arrow closely misses the gnoll.
The arrow hits the adder.
The adder bites you. The adder barely misses you. 😕 HP[-3]
You take 3 damage, and now have 23/27 hp.
You shoot an arrow. The arrow hits the adder.
The gnoll barely misses you. The adder misses you.
The gnoll closely misses you. The adder barely misses you.
A gnoll comes into view. It is wielding a +0 flail.
The adder bites you. 😕 HP[-2]
You take 2 damage, and now have 21/27 hp.
Shoot: a) +1 shortbow {bow}
Press: ? - help, Q - select action, (/) - cycle Shift-Dir - straight line, f/p - adder
Aim: an adder (lightly wounded, 44% to hit)
You shoot an arrow. The arrow barely misses the adder.
The adder bites you.
You are poisoned.
The adder poisons you!
The gnoll hits you from afar with a +0 halberd.
The adder bites you but does no damage. 😮 HP[-5]
You take 5 damage, and now have 16/27 hp.
You hear the crackle of electricity.
b - a +0 whip of electrocution (weapon)
{mace} You feel sick.
The gnoll closely misses you. 😮 HP[-1]
You take 1 damage, and now have 15/27 hp.
You feel sick.
It was a potion of degeneration.
There was something very wrong with that liquid.
You feel weakened.
You feel dopey.
You feel clumsy.
You feel sick. 😮 HP[-1]
You take 1 damage, and now have 14/27 hp.
It was a potion of might.
You feel very mighty all of a sudden.
You feel sick. 😨 HP[-1]
You take 1 damage, and now have 13/27 hp.
You barely miss the adder.
You feel sick. The adder barely misses you. The adder bites you.
* * * LOW HITPOINT WARNING * * *
😨 HP[-5]
You take 5 damage, and now have 8/27 hp.
You feel sick.
You are no longer poisoned. 😨 HP[-1]
You take 1 damage, and now have 7/27 hp.
The adder bites you but does no damage.
You closely miss the adder. The adder bites you.
* * * LOW HITPOINT WARNING * * *
😱 HP[-1]
You take 1 damage, and now have 6/27 hp.
You miss the adder. The adder bites you.
* * * LOW HITPOINT WARNING * * *
You are lethally poisoned!
The adder poisons you! The adder bites you.
* * * LOW HITPOINT WARNING * * *
😱 HP[-3]
You take 3 damage, and now have 3/27 hp.
Okay, then.
You aren't carrying any potions.
You miss the adder.
* * * LOW HITPOINT WARNING * * *
You feel sick. The adder bites you.
You die...

Skill      XL: |  1 |
---------------+----+-----
Bows           | 4 |  4.7
Fighting       | |  2.0
Dodging        | |  1.7
Stealth        | |  0.8

Action                   || total
-------------------------++-------
Melee: Whip              ||     4
 Fire: Shortbow          ||    73
  Use: Scroll            ||     1
       Potion            ||     2
Armor: Leather armour    ||     7
Dodge: Dodged            ||    14

Levels and vault maps discovered:
D:1:      minmay_arrival_four_houses, layout_loops_cross
D:2:      layout_loops_ring, minmay_worlds_worst_comb, uniq_sigmund,
          uniq_crazy_yiuf_cottage, uniq_terence

Notes
Turn   | Place    | Note
-------+----------+-------------------------------------------
     0 | D:1      | spaghetti the Demonspawn Hunter began the quest for the
                  | Orb.
     0 | D:1      | Reached XP level 1. HP: 16/16 MP: 1/1
     0 | D:1      | magus.rc [v1.9.6]
   212 | D:1      | Reached skill level 4 in Bows
   213 | D:1      | Gained mutation: You regenerate magic rapidly. [demonic
                  | ancestry]
   213 | D:1      | Reached XP level 2. HP: 22/22 MP: 2/2
   301 | D:1      | You pick up a book of Vapours and begin reading...
   301 | D:1      | You add the spells Poisonous Vapours and Corpse Rot to your
                  | library.
   770 | D:2      | Gained mutation: Your demonic aura sometimes causes spilled
                  | blood to erupt in flames. [demonic ancestry]
   770 | D:2      | Reached XP level 3. HP: 27/27 MP: 3/3
  1005 | D:2      | HP: 6/27 [adder (1)]
  1007 | D:2      | HP: 2/27 [poisoned by an adder]
  1007 | D:2      | Slain by an adder

Vanquished Creatures
  2 worms (D:2)
  3 dart slugs
  5 ball pythons
  2 bats
  2 giant cockroaches
  2 goblins (D:1)
  3 hobgoblins
  4 kobolds
  A quokka (D:2)
  2 frilled lizards
  A rat (D:1)
27 creatures vanquished.

Table legend:
 A = Non-vault XP
 B = Vault XP
 C = Vault XP percentage of total XP
 D = Non-vault monster count
 E = Vault monster count
 F = Vault count percentage of total count
                 A         B        C        D         E       F
            +---------+---------+-------+---------+---------+-------
      Total |      58 |       0 |   0.0 |      27 |       0 |   0.0
            +---------+---------+-------+---------+---------+-------
        D:1 |      33 |       0 |   0.0 |      17 |       0 |   0.0
        D:2 |      25 |       0 |   0.0 |      10 |       0 |   0.0
            +---------+---------+-------+---------+---------+-------

Illustrated notes

Table legend:
 A = Kills in this place as a percentage of kills in entire the game.
 B = Kills by you in this place as a percentage of kills by you in the entire game.
 C = Kills by friends in this place as a percentage of kills by friends in the entire game.
 D = Other kills in this place as a percentage of other kills in the entire game.
 E = Experience gained in this place as a percentage of experience gained in the entire game.
 F = Experience gained in this place divided by the number of levels of this place that you have seen.
                   A       B       C       D       E      F
               +-------+-------+-------+-------+-------+----------------------
         Total | 100.0 | 100.0 |   N/A |   N/A | 100.0 |  29.0
       Dungeon | 100.0 | 100.0 |   N/A |   N/A | 100.0 |  29.0
               +-------+-------+-------+-------+-------+----------------------

Table legend: (Time is in decaauts)
 A = Elapsed time spent in this place.
 B = Non-inter-level travel time spent in this place.
 C = Inter-level travel time spent in this place.
 D = Time resting spent in this place.
 E = Time spent auto-exploring this place.
 F = Levels seen in this place.
 G = Mean time per level.
                   A        B        C        D        E       F      G
               +--------+--------+--------+--------+--------+-----+--------+
         Total |   1029 |   1024 |      5 |    129 |    715 |   2 |  514.5 |
       Dungeon |   1029 |   1024 |      5 |    129 |    715 |   2 |  514.5 |
               +--------+--------+--------+--------+--------+-----+--------+

Top non-repeatable levels by time:
     D:1: 604 daAuts
     D:2: 424 daAuts
